 Dungeon Crawl Stone Soup version 0.27-a0-668-gb5737ff2c0 (webtiles) character file.

Game seed: 5437890452755717823

371 srzhan31 the Conjurer (level 6, 0/36 HPs)
             Began as an Octopode Conjurer on Mar 17, 2021.
             Was an Initiate of Vehumet.
             Slain by Pikel
             ... wielding a +0 whip of flaming
              (4 damage)
             ... on level 4 of the Dungeon.
             The game lasted 00:11:00 (4550 turns).

srzhan31 the Conjurer (Octopode Conjurer)           Turns: 4550, Time: 00:11:01

Health: 0/36       AC:  1    Str:  6    XL:     6   Next: 71%
Magic:  6/11       EV: 13    Int: 22    God:    Vehumet [......]
Gold:   122        SH:  0    Dex: 11    Spells: 6/12 levels left

rFire    . . .     SeeInvis .   (no weapon)
rCold    . . .     Faith    .   (no shield)
rNeg     . . .     Spirit   .   (helmet restricted)
rPois    .         Reflect  .   (no amulet)
rElec    .         Harm     .   (no ring)
rCorr    .         Rampage  .   (no ring)
Will     .....                  (no ring)
Stlth    +++.......             (no ring)
HPRegen  0.12/turn              (no ring)
MPRegen  0.12/turn              (no ring)
                                (no ring)
                                (no ring)

@: no status effects
A: almost no armour, amphibious, 8 rings, camouflage 1, gelatinous body 1,
nimble swimmer 1, tentacles
a: Renounce Religion


You were on level 4 of the Dungeon.
You worshipped Vehumet.
Vehumet was noncommittal.
You visited 2 branches of the dungeon, and saw 5 of its levels.

You collected 122 gold pieces.

Inventory:

Hand Weapons
 e - a +1 dagger of venom
Missiles
 h - 2 poisoned darts
Scrolls
 a - 2 scrolls of magic mapping {unknown}
 b - 7 scrolls of identify {unknown}
 c - 2 scrolls of vulnerability {unknown}
 d - a scroll of immolation {unknown}
 g - 2 scrolls of enchant armour {unknown}
 j - a scroll of torment {unknown}
 k - a scroll of teleportation {unknown}
Potions
 f - a potion of flight {unknown}
 i - a potion of brilliance {unknown}


   Skills:
 * Level 2.7 Dodging
 + Level 3.7 Stealth
 * Level 1.4 Shields
 * Level 3.5 Spellcasting
 * Level 5.8 Conjurations
 * Level 1.0 Translocations
 * Level 0.8 Air Magic
 * Level 1.0 Poison Magic


You had 6 spell levels left.
You knew the following spells:

 Your Spells              Type           Power      Damage    Failure   Level
a - Magic Dart            Conj           100%       1d8       1%          1
b - Searing Ray           Conj           58%        3d5       1%          2
c - Mephitic Cloud        Conj/Pois/Air  15%        N/A       12%         3

Your spell library contained the following spells:

 Spells                   Type           Power      Damage    Failure   Level
 Conjure Flame            Conj/Fire      16%        6-21      11%         3
 Dazzling Flash           Conj/Hex       32%        N/A       11%         3
 Beastly Appendage        Tmut           6%         N/A       12%         1
 Blink                    Tloc           N/A        N/A       12%         2
 Call Imp                 Summ           3%         N/A       19%         2
 Slow                     Hex            3%         N/A       19%         2
 Wereblood                Tmut           3%         N/A       19%         2
 Spider Form              Tmut/Pois      3%         N/A       28%         3
 Iskenderun's Mystic Bla  Conj/Tloc      18%        2d6       28%         4
 Fulminant Prism          Conj/Hex       8%         3d7       34%         4
 Ice Form                 Ice/Tmut       3%         N/A       75%         4
 Blade Hands              Tmut           1%         N/A       97%         5


Dungeon Overview and Level Annotations

Branches:
Dungeon (4/15)             Temple (1/1) D:4

Altars:
Makhleb
Okawaru
Vehumet
Wu Jian

Annotations:
D:4 Pikel


Innate Abilities, Weirdness & Mutations

You cannot wear most types of armour.
You are amphibious.
You can wear up to eight rings at the same time.
Your skin changes colour to match your surroundings (Stealth+).
Your rubbery body absorbs attacks. (AC +1, EV +1)
You are stealthy while swimming. (Stealth+)
You have tentacles for arms and can constrict up to eight enemies at once.


Message History

Pikel burns you.
Casting: Searing Ray (safe; 1% risk of failure)
Confirm with . or Enter, or press ? or * to list all spells.
Aiming: Searing Ray (safe; 1% risk of failure)
Press: ? - help, Shift-Dir - straight line, f - you, p - lemure
Okay, then.
Things that are here:
a +0 mace; a +0 ring mail
Casting: Searing Ray (safe; 1% risk of failure)
Confirm with . or Enter, or press ? or * to list all spells.
Aiming: Searing Ray (safe; 1% risk of failure)
Press: ? - help, Shift-Dir - straight line, p - lemure The searing ray hits Pikel.
Pikel is lightly wounded.
The searing ray hits the lemure!
The lemure is heavily wounded. (Press . to maintain the ray.) Pikel completely misses you.
The searing ray hits Pikel.
Pikel is moderately wounded.
The searing ray hits the lemure.
The lemure is heavily wounded.
The searing ray hits the lemure.
The lemure is lightly wounded.
Pikel misses you.
The searing ray hits Pikel but does no damage.
Pikel is moderately wounded.
The searing ray hits the lemure!
The lemure is heavily wounded.
Pikel misses you. The lemure hits you!
Unknown command.
The searing ray hits Pikel!
Pikel is heavily wounded.
The searing ray hits the lemure!
The lemure is severely wounded.
You finish channeling your searing ray.
Pikel hits you with a +0 whip of flaming!
* * * LOW HITPOINT WARNING * * *
Pikel burns you.
You die...

#.#.# .#...... #...#
........
#.#########......
#...........<....
#######........#..
#...#.#........#..
##............(....
#.........†##......
##@..5..######.....
#5K#......#...5....
#.5##..............
#†.#...............
##.....5...........#
#....#..............
##...#...####......#
##.###.## #.......
### #.# #...##..


You could see Pikel and 3 lemures.

Vanquished Creatures
  A lemure (D:3)
  A scorpion (D:4)
  A howler monkey (D:4)
  A jelly (D:4)
  2 orc priests (D:4)
  An orc wizard (D:4)
  A gnoll (D:1)
  6 adders
  A white imp (D:3)
  3 worms (D:2)
  3 dart slugs
  6 leopard geckos
  3 orcs
  3 ball pythons
  6 giant cockroaches
  13 goblins
  5 hobgoblins
  4 jackals (D:4)
  5 bats
  4 frilled lizards
  5 kobolds
  A leopard gecko skeleton (D:4)
  11 rats
87 creatures vanquished.

Notes
Turn   | Place    | Note
-------+----------+-------------------------------------------
     0 | D:1      | srzhan31 the Octopode Conjurer began the quest for the Orb.
     0 | D:1      | Reached XP level 1. HP: 11/11 MP: 3/3
   222 | D:1      | Reached XP level 2. HP: 5/17 MP: 0/5
   245 | D:1      | Learned a level 2 spell: Searing Ray
   611 | D:1      | Reached XP level 3. HP: 21/21 MP: 2/6
  1283 | D:2      | Reached skill level 5 in Conjurations
  1471 | D:2      | Reached XP level 4. HP: 27/27 MP: 5/7
  2331 | D:2      | Reached XP level 5. HP: 31/31 MP: 5/9
  2637 | D:3      | Noticed Robin
  2801 | D:3      | Learned a level 3 spell: Mephitic Cloud
  2937 | D:3      | Found a burning altar of Makhleb.
  2937 | D:3      | Noticed a green death
  3650 | D:4      | Noticed Pikel
  3650 | D:4      | Noticed a lemure
  3650 | D:4      | Noticed a lemure
  3650 | D:4      | Noticed a lemure
  3668 | D:3      | Killed a lemure
  3822 | D:4      | Reached skill level 1 in Shields
  3876 | D:4      | Reached XP level 6. HP: 34/36 MP: 2/10
  4241 | D:4      | Found a staircase to the Ecumenical Temple.
  4251 | Temple   | Entered the Ecumenical Temple
  4275 | Temple   | Became a worshipper of Vehumet
  4389 | D:4      | Reached skill level 1 in Poison Magic
  4418 | D:4      | Reached skill level 1 in Translocations
  4550 | D:4      | Slain by Pikel

Illustrated notes

Levels and vault maps discovered:
D:1:      tarquinn_simple_flora_water_f, layout_basic
D:2:      minmay_skewed_foursquare, layout_loops_ring
D:3:      layout_basic, makhleb_altar_promises_db, uniq_robin
D:4:      layout_cave_pools, nzn_overflow_gifts_of_might_and_magic,
          minmay_temple_entry_proselytizer, grunt_decor_mini_mirrors,
          minivault_27, uniq_pikel
Temple:   jpeg_temple_clearing

Skill      XL: |  1  2  3  4  5  6 |
---------------+-------------------+-----
Stealth        | 3 |  3.7
Conjurations   | 5 |  5.8
Shields        | 1 |  1.4
Spellcasting   | 3 |  3.5
Poison Magic   | 1 |  1.0
Translocations | 1 |  1.0
Dodging        | |  2.7
Air Magic      | |  0.8

Action                   |  1- 3 |  4- 6 || total
-------------------------+-------+-------++-------
Melee: Unarmed           |     4 |     4 ||     8
       Constrict         |     1 |     1 ||     2
       Tentacles         |     1 |     1 ||     2
 Cast: Magic Dart        |    24 |     5 ||    29
       Searing Ray       |    15 |    48 ||    63
Armor: Skin              |     1 |     1 ||     2
Dodge: Dodged            |    12 |    15 ||    27

Table legend: (Time is in decaauts)
 A = Elapsed time spent in this place.
 B = Non-inter-level travel time spent in this place.
 C = Inter-level travel time spent in this place.
 D = Time resting spent in this place.
 E = Time spent auto-exploring this place.
 F = Levels seen in this place.
 G = Mean time per level.
                   A        B        C        D        E       F      G
               +--------+--------+--------+--------+--------+-----+--------+
         Total |   4550 |   4371 |    179 |      0 |   3238 |   5 |  910.0 |
       Dungeon |   4511 |   4332 |    179 |      0 |   3223 |   4 | 1127.8 |
        Temple |     38 |     38 |      0 |      0 |     15 |   1 |   38.0 |
               +--------+--------+--------+--------+--------+-----+--------+

Top non-repeatable levels by time:
     D:2: 1316 daAuts
     D:3: 1293 daAuts
     D:1: 1177 daAuts
     D:4: 724 daAuts
  Temple: 38 daAuts
